 Dungeon Crawl Stone Soup version 0.24-a0-93-ge1bfdf8 (console) character file.

Game seed: 1923114737319674315

119 Voker57 the Slasher (level 4, 0/35 HPs)
             Began as a Demonspawn Gladiator on Feb 11, 2019.
             Slain by Natasha (4 damage)
             ... on level 2 of the Dungeon.
             The game lasted 00:03:11 (1568 turns).

Voker57 the Slasher (Demonspawn Gladiator)          Turns: 1568, Time: 00:03:12

Health: 0/35       AC:  4    Str: 13      XL:     4   Next: 74%
Magic:  0/4        EV: 13    Int:  6 (7)  God:
Gold:   46         SH:  0    Dex: 15      Spells: 3/3 levels left

rFire    . . .     SeeInvis .   a - +0 long sword
rCold    . . .     Gourm    .   (no shield)
rNeg     . . .     Faith    .   b - +0 leather armour
rPois    .         Spirit   +   c - +0 helmet
rElec    .         Reflect  .   (no cloak)
rCorr    .         Harm     .   (no gloves)
MR       .....                  (no boots)
Stlth    +.........             (no amulet)
HPRegen  0.11/turn              (no ring)
MPRegen  0.18/turn              (no ring)

@: about to teleport, slowed, very slow
A: dopey 1, powered by death 1, weak 1, wild magic 1, magic shield, magic
regeneration
a: no special abilities


You were on level 2 of the Dungeon.
You were not hungry.

You visited 1 branch of the dungeon, and saw 2 of its levels.

You collected 46 gold pieces.

Inventory:

Hand Weapons
 a - a +0 long sword (weapon)
Missiles
 d - 2 throwing nets (quivered)
Armour
 b - a +0 leather armour (worn)
 c - a +0 helmet (worn)
Jewellery
 m - an uncursed ring of wizardry {unknown}
Scrolls
 g - a scroll of amnesia {unknown}
 i - a scroll of identify {unknown}
 k - a scroll of enchant armour {unknown}
 n - a scroll of remove curse {unknown}
Comestibles
 f - 10 rations


   Skills:
 + Level 3.0 Fighting
 * Level 4.1 Long Blades
 - Level 1.7 Throwing
 + Level 3.3 Dodging


You had 3 spell levels left.
You didn't know any spells.
Your spell library was empty.

Dungeon Overview and Level Annotations

Branches:
Dungeon (2/15)

Altars:

Annotations:
D:2 Natasha


Innate Abilities, Weirdness & Mutations

You regenerate a little health from kills.
When hurt, damage is shared between your health and your magic reserves.
You regenerate magic rapidly.
You are dopey. (Int -2)
You are weak. (Str -2)
Your spells are a little harder to cast, but a little more powerful.


Message History

Natasha completely misses you.
You riposte.
You hit Natasha but do no damage. The shadow imp closely misses you.
You hit Natasha.
Natasha is moderately wounded.
Natasha barely misses you. The shadow imp hits you. Natasha closely misses you.
The shadow imp hits you.
You closely miss Natasha.
Natasha is moderately wounded.
Natasha casts a spell at you. The magic dart hits you!
* * * LOW HITPOINT WARNING * * *
The shadow imp barely misses you.
You riposte.
You slash the shadow imp!
The shadow imp is severely wounded.
Natasha claws you!
* * * LOW HITPOINT WARNING * * *
The shadow imp closely misses you.
You aren't carrying any potions.
As you read the scroll labeled WEEGU BEWU, it crumbles to dust.
You feel strangely unstable.
It was a scroll of teleportation.
Natasha claws you.
You die...

#.# ..# # ##.###.########. #.#
...##.h@5...##.. #.# ####
#..########.##..# #.# .#.# #..#
#.......# #.#
.#.##.####..######.#.##.## #.#
.#.##..............#.##.# #.#
.#.#######(.########.##.#####.##
.#....# #..# #...........#
.####.####..# #.##..####..#
.....>......########.........(.#
#####.##.........)....#..#####.#


You could see Natasha and a shadow imp.

Vanquished Creatures
  Jessica (D:2)
  Natasha (D:2)
  Robin (D:2)
  2 dart slugs (D:1)
  3 leopard geckos
  A giant cockroach (D:1)
  11 goblins
  8 hobgoblins
  2 jackals (D:1)
  4 kobolds (D:2)
  4 bats
  5 frilled lizards
  7 rats
50 creatures vanquished.

Notes
Turn   | Place    | Note
-------+----------+-------------------------------------------
     0 | D:1      | Voker57 the Demonspawn Gladiator began the quest for the
                  | Orb.
     0 | D:1      | Reached XP level 1. HP: 16/16 MP: 1/1
   318 | D:1      | Reached skill level 3 in Long Blades
   318 | D:1      | Gained mutation: You regenerate a little health from kills.
                  | [demonic ancestry]
   318 | D:1      | Reached XP level 2. HP: 9/22 MP: 2/2
  1114 | D:2      | Gained mutation: When hurt, damage is shared between your
                  | health and your magic reserves. [demonic ancestry]
  1114 | D:2      | Reached XP level 3. HP: 28/28 MP: 3/3
  1277 | D:2      | Noticed Robin
  1282 | D:2      | Noticed Natasha
  1297 | D:2      | Gained mutation: You are weak. (Str -2) [potion of
                  | mutation]
  1297 | D:2      | Gained mutation: You are dopey. (Int -2) [potion of
                  | mutation]
  1297 | D:2      | Gained mutation: Your spells are a little harder to cast,
                  | but a little more powerful. [potion of mutation]
  1308 | D:2      | Killed Robin
  1314 | D:2      | Killed Natasha
  1314 | D:2      | Gained mutation: You regenerate magic rapidly. [demonic
                  | ancestry]
  1314 | D:2      | Reached XP level 4. HP: 9/34 MP: 0/4
  1398 | D:2      | Noticed Jessica
  1403 | D:2      | Killed Jessica
  1403 | D:2      | Reached skill level 4 in Long Blades
  1557 | D:2      | Noticed Natasha
  1568 | D:2      | Slain by Natasha

Levels and vault maps discovered:
D:1:      onia_arrival_pyramid, layout_basic
D:2:      layout_loops_ring, first_ration, minmay_bisected, uniq_natasha,
          uniq_jessica, uniq_crazy_yiuf_cottage, uniq_robin

Skill      XL: |  1  2  3  4 |
---------------+-------------+-----
Long Blades    | 3 4 |  4.1
Dodging        | 3 |  3.3
Fighting       | 3 |  3.0
Throwing       | |  1.7

Action                   |  1- 3 |  4- 6 || total
-------------------------+-------+-------++-------
Melee: Long sword        |   117 |    25 ||   142
Throw: Throwing net      |     1 |       ||     1
  Use: Potion            |     4 |       ||     4
       Scroll            |       |     1 ||     1
 Stab: Sleeping          |     1 |       ||     1
       Held in net/web   |     2 |       ||     2
  Eat: Chunk             |     1 |     1 ||     2
Armor: Leather armour    |    27 |     6 ||    33
Dodge: Dodged            |    89 |    20 ||   109
       Rpst.: Long sword |    26 |     7 ||    33

Table legend:
 A = Non-vault XP
 B = Vault XP
 C = Vault XP percentage of total XP
 D = Non-vault monster count
 E = Vault monster count
 F = Vault count percentage of total count
                 A         B        C        D         E       F
            +---------+---------+-------+---------+---------+-------
      Total |      55 |     116 |  67.8 |      32 |      18 |  36.0
            +---------+---------+-------+---------+---------+-------
        D:1 |      34 |       0 |   0.0 |      19 |       0 |   0.0
        D:2 |      21 |     116 |  84.7 |      13 |      18 |  58.1
            +---------+---------+-------+---------+---------+-------
